3A
KINGSTON MANGOS @ WALLA WALLA WALLEYE
07/30/2042
 
TOP OF THE 1ST
Kingston Mangos batting - Pitching for Walla Walla Walleye : RHP Hyeong-ro Park
Pitching: RHP Hyeong-ro Park
Batting: RHB George Lewis 0-0: Ball
1-0: Ground out 5-3 (Groundball, 56S, EV 63.1 MPH)
Batting: RHB Banu Judham 0-0: Called Strike
0-1: Ball
1-1: Ball
2-1: Swinging Strike
2-2: Strikes out swinging
Batting: LHB Pikup Andropov 0-0: Ball
1-0: Ball
2-0: Foul Ball, location: 2F
2-1: Ball
3-1: Foul Ball, location: 2F
3-2: Foul Ball, location: 2F
3-2: Strikes out looking
Top of the 1st over - 0 runs, 0 hits, 0 errors, 0 left on base; Kingston 0 - Walla Walla 0
BOTTOM OF THE 1ST
Walla Walla Walleye batting - Pitching for Kingston Mangos : RHP Vicente Castro
Pitching: RHP Vicente Castro
Batting: LHB Armando Martínez 0-0: SINGLE (Groundball, 3S, EV 82.5 MPH) (infield hit)
Pinch Runner at 1st Roy Berriman:
Batting: LHB Van Durr 0-0: Called Strike
0-1: Swinging Strike
0-2: Strikes out swinging
Batting: LHB Derrek Guthrie 0-0: Foul Ball, location: 2F
0-1: Ball
1-1: Foul Ball, location: 2F
1-2: Foul Ball, location: 2F
1-2: Ball
2-2: Strikes out swinging
Batting: SHB Víctor Pagueros 0-0: Ball
Roy Berriman is caught stealing 2nd base 2-6
Bottom of the 1st over - 0 runs, 1 hit, 0 errors, 0 left on base; Kingston 0 - Walla Walla 0
TOP OF THE 2ND
Kingston Mangos batting - Pitching for Walla Walla Walleye : RHP Hyeong-ro Park
Now at 1B: John Paul
Batting: SHB Miguel Lajara 0-0: Called Strike
0-1: Foul Ball, location: 2F
0-2: Fly out, F7 (Flyball, 7S, EV 86.2 MPH)
Batting: RHB Harald Tijl 0-0: Ball
1-0: Foul Ball, location: 2F
1-1: Ball
2-1: Ground out 6-3 (Groundball, 6, EV 91.2 MPH)
Batting: LHB Dong-min Ch'oe 0-0: Called Strike
0-1: Ball
1-1: Ball
2-1: Foul Ball, location: 2F
2-2: Ground out 6-3 (Groundball, 6MS, EV 68.8 MPH)
Top of the 2nd over - 0 runs, 0 hits, 0 errors, 0 left on base; Kingston 0 - Walla Walla 0
BOTTOM OF THE 2ND
Walla Walla Walleye batting - Pitching for Kingston Mangos : RHP Vicente Castro
Batting: SHB Víctor Pagueros 0-0: Ball
1-0: Ground out 5-3 (Groundball, 56S, EV 88.8 MPH)
Batting: RHB Bret Taylor 0-0: Ball
1-0: Fly out, F4 (Popup, 34, EV 61.2 MPH)
Batting: RHB Jack Covas 0-0: Swinging Strike
0-1: Called Strike
0-2: Ball
1-2: Ball
2-2: Ball
3-2: Foul Ball, location: 2F
3-2: Foul Ball, location: 2F
3-2: Strikes out swinging
Bottom of the 2nd over - 0 runs, 0 hits, 0 errors, 0 left on base; Kingston 0 - Walla Walla 0
TOP OF THE 3RD
Kingston Mangos batting - Pitching for Walla Walla Walleye : RHP Hyeong-ro Park
Batting: LHB Rodger Parsons 0-0: Ball
1-0: Ball
2-0: Called Strike
2-1: Foul Ball, location: 2F
2-2: Strikes out swinging
Batting: RHB Alfredo López 0-0: Called Strike
0-1: Ball
1-1: Ball
2-1: Ball
3-1: Base on Balls
Batting: RHB Kung Wa 0-0: Called Strike
0-1: Foul Ball, location: 2F
0-2: Strikes out swinging
Batting: RHB George Lewis 0-0: Ball
1-0: Ball
2-0: Called Strike
2-1: Foul Ball, location: 2F
2-2: Foul Ball, location: 2F
2-2: Ball
Wild Pitch!
Alfredo López to second
3-2: Foul Ball, location: 2F
3-2: Foul Ball, location: 2F
3-2: Base on Balls
Batting: RHB Banu Judham 0-0: Ball
1-0: Ball
2-0: Called Strike
2-1: Ball
3-1: Base on Balls
Alfredo López to third
George Lewis to second
Batting: LHB Pikup Andropov 0-0: Ball
1-0: Ball
2-0: Ball
3-0: Called Strike
3-1: SINGLE (Line Drive, 89S, EV 95.0 MPH)
Alfredo López scores
George Lewis to third
Banu Judham to second
Runner from 3rd tries for Home, SAFE, throw by CF to home
Batting: SHB Miguel Lajara 0-0: Ball
1-0: Called Strike
1-1: Swinging Strike
1-2: Ball
2-2: Ball
3-2: Foul Ball, location: 2F
3-2: Foul Ball, location: 2F
3-2: Fly out, F2 (Popup, 15S, EV 81.2 MPH)
Top of the 3rd over - 2 runs, 1 hit, 0 errors, 2 left on base; Kingston 2 - Walla Walla 0
BOTTOM OF THE 3RD
Walla Walla Walleye batting - Pitching for Kingston Mangos : RHP Vicente Castro
Batting: RHB Nando van der Goor 0-0: Fly out, F8 (Flyball, 89M, EV 90.6 MPH)
Batting: RHB Sonny Day 0-0: Ball
1-0: Fly out, F8 (Line Drive, 8LM, EV 83.8 MPH)
Batting: LHB Nukie Libiran 0-0: Called Strike
0-1: Ball
1-1: Foul Ball, location: 2F
1-2: Strikes out swinging
Bottom of the 3rd over - 0 runs, 0 hits, 0 errors, 0 left on base; Kingston 2 - Walla Walla 0
TOP OF THE 4TH
Kingston Mangos batting - Pitching for Walla Walla Walleye : RHP Hyeong-ro Park
Batting: RHB Harald Tijl 0-0: Ball
1-0: Ball
2-0: Ball
3-0: Base on Balls
Batting: LHB Dong-min Ch'oe 0-0: Foul Ball, location: 2F
0-1: Ball
1-1: Swinging Strike
1-2: Strikes out looking
Batting: LHB Rodger Parsons 0-0: Called Strike
0-1: Called Strike
0-2: Strikes out swinging
Batting: RHB Alfredo López 0-0: Ball
1-0: Ball
2-0: Called Strike
2-1: Ball
3-1: Swinging Strike
3-2: Foul Ball, location: 2F
3-2: Foul Ball, location: 2F
3-2: Foul Ball, location: 2F
3-2: Strikes out swinging
Top of the 4th over - 0 runs, 0 hits, 0 errors, 1 left on base; Kingston 2 - Walla Walla 0
BOTTOM OF THE 4TH
Walla Walla Walleye batting - Pitching for Kingston Mangos : RHP Vicente Castro
Batting: RHB John Paul 0-0: Foul Ball, location: 2F
0-1: Ball
1-1: SINGLE (Popup, 6D, EV 71.9 MPH)
Batting: LHB Van Durr 0-0: Ball
1-0: Ball
2-0: Ball
3-0: Called Strike
3-1: Called Strike
3-2: Foul Ball, location: 2F
3-2: Foul Ball, location: 2F
3-2: Fielders Choice at 2nd, 4-6 (Groundball, 4, EV 79.4 MPH)
Batting: LHB Derrek Guthrie 0-0: Foul Ball, location: 2F
0-1: Called Strike
0-2: Ball
1-2: Ball
2-2: Fielders Choice at 2nd, 4-6 (Groundball, 34, EV 85.6 MPH)
Batting: SHB Víctor Pagueros 0-0: Called Strike
0-1: Ball
1-1: Ball
2-1: Foul Ball, location: 2F
2-2: Fly out, F4 (Popup, 4, EV 61.9 MPH)
Bottom of the 4th over - 0 runs, 1 hit, 0 errors, 1 left on base; Kingston 2 - Walla Walla 0
TOP OF THE 5TH
Kingston Mangos batting - Pitching for Walla Walla Walleye : RHP Hyeong-ro Park
Batting: RHB Kung Wa 0-0: Called Strike
0-1: Ball
1-1: Foul Ball, location: 2F
1-2: Ball
2-2: Ball
3-2: Base on Balls
Batting: RHB George Lewis 0-0: Fielders Choice at 2nd, 4-6 (Groundball, 4M, EV 83.8 MPH)
Batting: RHB Banu Judham 0-0: Fielders Choice at 2nd, 5-4 (Groundball, 56S, EV 85.6 MPH)
Batting: LHB Pikup Andropov 0-0: Ball
1-0: Foul Ball, location: 2F
1-1: Called Strike
1-2: SINGLE (Line Drive, 3D, EV 106.9 MPH)
Banu Judham to second
Batting: SHB Miguel Lajara 0-0: Ball
1-0: Called Strike
1-1: Fly out, F1 (Line Drive, P, EV 71.9 MPH)
Top of the 5th over - 0 runs, 1 hit, 0 errors, 2 left on base; Kingston 2 - Walla Walla 0
BOTTOM OF THE 5TH
Walla Walla Walleye batting - Pitching for Kingston Mangos : RHP Vicente Castro
Batting: RHB Bret Taylor 0-0: DOUBLE (Flyball, 89D, EV 93.8 MPH)
Batting: RHB Jack Covas 0-0: Ball
1-0: Foul Ball, location: 2F
1-1: SINGLE (Flyball, 3D, EV 90.6 MPH)
Bret Taylor to third
Batting: RHB Nando van der Goor 0-0: Ball
1-0: Ball
2-0: Ball
3-0: Base on Balls
Jack Covas to second
Batting: RHB Sonny Day 0-0: Ball
1-0: Ball
2-0: Foul Ball, location: 2F
2-1: Foul Ball, location: 2F
2-2: Fielders Choice at 2nd, 6-4 (Groundball, 6, EV 77.5 MPH)
Bret Taylor scores
Jack Covas to third
Batting: LHB Nukie Libiran 0-0: SINGLE (Groundball, 3, EV 83.8 MPH) (infield hit)
Jack Covas scores
Sonny Day to second
Batting: RHB John Paul 0-0: Ball
1-0: Called Strike
1-1: Ball
Wild Pitch!
Sonny Day to third
Nukie Libiran to second
2-1: Called Strike
2-2: Ball
3-2: SINGLE (Flyball, 7LS, EV 96.9 MPH)
Sonny Day scores
Nukie Libiran to third
Runner from 3rd tries for Home, SAFE, throw by LF to home
Batting: LHB Van Durr 0-0: Ball
1-0: Called Strike
1-1: Ball
2-1: Ball
3-1: Base on Balls
John Paul to second
Batting: LHB Derrek Guthrie 0-0: Swinging Strike
0-1: Ball
1-1: Foul Ball, location: 2F
1-2: Ball
2-2: Ball
3-2: Fly out, F8 (Flyball, 8RS, EV 94.4 MPH)
Batting: SHB Víctor Pagueros 0-0: Ball
1-0: Ball
2-0: Called Strike
2-1: Foul Ball, location: 2F
2-2: Ball
3-2: Base on Balls
John Paul to third
Van Durr to second
Batting: RHB Bret Taylor 0-0: Ball
1-0: Called Strike
1-1: Ball
2-1: Called Strike
2-2: Ball
3-2: DOUBLE (Groundball, 5L, EV 103.8 MPH)
John Paul scores
Van Durr scores
Víctor Pagueros to third
Víctor Pagueros scores
Pitching: LHP Keith Stinson
Batting: RHB Jack Covas 0-0: Foul Ball, location: 2F
0-1: Foul Ball, location: 2F
0-2: Ball
1-2: Ball
2-2: SINGLE (Groundball, 34, EV 103.8 MPH) (infield hit)
Bret Taylor to third
Batting: RHB Nando van der Goor 0-0: Called Strike
0-1: Ball
1-1: Fielders Choice at 2nd, 5-4 (Groundball, 5L, EV 88.8 MPH)
Bottom of the 5th over - 7 runs, 6 hits, 0 errors, 2 left on base; Kingston 2 - Walla Walla 7
TOP OF THE 6TH
Kingston Mangos batting - Pitching for Walla Walla Walleye : RHP Hyeong-ro Park
Pitching: LHP Alfredo Morales
Batting: RHB Harald Tijl 0-0: Ground out 5-3 (Groundball, 56, EV 87.5 MPH)
Batting: LHB Dong-min Ch'oe 0-0: Ball
1-0: Called Strike
1-1: Swinging Strike
1-2: Foul Ball, location: 2F
1-2: Ball
2-2: Fly out, F5 (Popup, 5SF, EV 73.1 MPH)
Batting: LHB Rodger Parsons 0-0: Ground out 6-3 (Groundball, 56D, EV 103.1 MPH)
Top of the 6th over - 0 runs, 0 hits, 0 errors, 0 left on base; Kingston 2 - Walla Walla 7
BOTTOM OF THE 6TH
Walla Walla Walleye batting - Pitching for Kingston Mangos : LHP Keith Stinson
Batting: RHB Sonny Day 0-0: Called Strike
0-1: Foul Ball, location: 2F
0-2: Ball
1-2: Foul Ball, location: 2F
1-2: Strikes out looking
Batting: LHB Nukie Libiran 0-0: Ball
1-0: Swinging Strike
1-1: Called Strike
1-2: Ball
2-2: Strikes out swinging
Batting: RHB John Paul 0-0: Fly out, F7 (Flyball, 7LMF, EV 88.1 MPH)
Bottom of the 6th over - 0 runs, 0 hits, 0 errors, 0 left on base; Kingston 2 - Walla Walla 7
TOP OF THE 7TH
Kingston Mangos batting - Pitching for Walla Walla Walleye : LHP Alfredo Morales
Batting: RHB Alfredo López 0-0: Ball
1-0: Ball
2-0: Ball
3-0: Called Strike
3-1: Swinging Strike
3-2: Strikes out swinging
Batting: RHB Kung Wa 0-0: Called Strike
0-1: Ball
1-1: Ball
2-1: Ball
3-1: Base on Balls
Batting: RHB George Lewis 0-0: Called Strike
0-1: Ball
1-1: Ball
2-1: Ground out 6-3 (Groundball, 6S, EV 69.4 MPH)
Kung Wa to second
Batting: RHB Banu Judham 0-0: Ball
1-0: Fly out, F9 (Line Drive, 9, EV 95.6 MPH)
Top of the 7th over - 0 runs, 0 hits, 0 errors, 1 left on base; Kingston 2 - Walla Walla 7
BOTTOM OF THE 7TH
Walla Walla Walleye batting - Pitching for Kingston Mangos : LHP Keith Stinson
Batting: LHB Van Durr 0-0: Ball
1-0: Foul Ball, location: 2F
1-1: SOLO HOME RUN (Flyball, 7D, EV 103.1 MPH), Distance : 392 ft
Batting: LHB Derrek Guthrie 0-0: SINGLE (Groundball, 56D, EV 96.2 MPH)
Batting: SHB Víctor Pagueros 0-0: Ball
1-0: Foul Ball, location: 2F
1-1: Called Strike
1-2: Grounds into double play, 5-4-3 (Groundball, 56, EV 84.4 MPH)
Batting: RHB Bret Taylor 0-0: Ball
1-0: Ground out 6-3 (Groundball, 6M, EV 105.6 MPH)
Bottom of the 7th over - 1 run, 2 hits, 0 errors, 0 left on base; Kingston 2 - Walla Walla 8
TOP OF THE 8TH
Kingston Mangos batting - Pitching for Walla Walla Walleye : LHP Alfredo Morales
Batting: LHB Pikup Andropov 0-0: Called Strike
0-1: Called Strike
0-2: Strikes out looking
Batting: SHB Miguel Lajara 0-0: Called Strike
0-1: Ball
1-1: Foul Ball, location: 2F
1-2: Ball
2-2: Strikes out swinging
Batting: RHB Harald Tijl 0-0: Swinging Strike
0-1: Foul Ball, location: 2F
0-2: Strikes out swinging
Top of the 8th over - 0 runs, 0 hits, 0 errors, 0 left on base; Kingston 2 - Walla Walla 8
BOTTOM OF THE 8TH
Walla Walla Walleye batting - Pitching for Kingston Mangos : LHP Keith Stinson
Batting: RHB Jack Covas 0-0: Ball
1-0: Called Strike
1-1: Swinging Strike
1-2: Ball
2-2: Strikes out swinging
Batting: RHB Nando van der Goor 0-0: Ball
1-0: Called Strike
1-1: Ball
2-1: Fly out, F7 (Line Drive, 7, EV 89.4 MPH)
Batting: RHB Sonny Day 0-0: TRIPLE (Line Drive, 7D, EV 104.4 MPH)
Batting: LHB Nukie Libiran 0-0: Ball
1-0: Foul Ball, location: 2F
1-1: Fly out, F7 (Line Drive, 7, EV 86.2 MPH)
Bottom of the 8th over - 0 runs, 1 hit, 0 errors, 1 left on base; Kingston 2 - Walla Walla 8
TOP OF THE 9TH
Kingston Mangos batting - Pitching for Walla Walla Walleye : LHP Alfredo Morales
Batting: LHB Dong-min Ch'oe 0-0: Ground out U3 (Groundball, 3L, EV 103.1 MPH)
Batting: LHB Rodger Parsons 0-0: Called Strike
0-1: Ball
1-1: Ball
2-1: SINGLE (Groundball, 34D, EV 103.8 MPH)
Batting: RHB Alfredo López 0-0: Swinging Strike
0-1: Foul Ball, location: 2F
0-2: Strikes out swinging
Batting: RHB Kung Wa 0-0: Ball
1-0: Ball
2-0: Called Strike
2-1: Called Strike
2-2: Fly out, F7 (Flyball, 7D, EV 94.4 MPH)
Top of the 9th over - 0 runs, 1 hit, 0 errors, 1 left on base; Kingston 2 - Walla Walla 8
Friday, March 26th, 2021 - OOTP Baseball 20.8 Build 74